 Dungeon Crawl Stone Soup version 0.21-a0-331-gfb491b4 (webtiles) character file.

81 Softman25 the Vexing (level 4, 0/34 HPs)
             Began as a Gnoll Arcane Marksman on Oct 2, 2017.
             Slain by a quasit (1 damage)
             ... on level 2 of the Dungeon.
             The game lasted 00:03:03 (1158 turns).

Softman25 the Vexing (Gnoll Arcane Marksman)        Turns: 1158, Time: 00:03:03

Health: 0/34       AC:  3    Str: 12      XL:     4   Next: 42%
Magic:  8/8        EV: 19    Int: 16      God:
Gold:   78         SH:  0    Dex: 15 (21) Spells: 8/9 levels left

rFire    . . .     SeeInvis .   b - +0 spear
rCold    . . .     Gourm    .   (no shield)
rNeg     . . .     Faith    .   j - +0 leather armour
rPois    .         Spirit   .   (no helmet)
rElec    .         Reflect  .   (no cloak)
rCorr    .         Harm     .   (no gloves)
MR       .....                  (no boots)
Stlth    +++.......             (no amulet)
HPRegen  0.11/turn              (no ring)
MPRegen  0.11/turn              (no ring)

@: agile
A: distributed training, fangs 1, strong nose
a: no special abilities


You were on level 2 of the Dungeon.
You were hungry.

You visited 1 branch of the dungeon, and saw 2 of its levels.

You collected 78 gold pieces.

Inventory:

Hand Weapons
 a - a +0 hunting sling
 b - a +0 spear (weapon)
Missiles
 k - 51 stones (quivered)
Armour
 j - a +0 leather armour (worn)
Scrolls
 g - 2 scrolls of amnesia {unknown}
 h - a scroll of immolation {unknown}
 l - 2 scrolls of remove curse {unknown}
 n - a scroll of fear {unknown}
 o - a scroll of teleportation {unknown}
 p - a scroll of blinking {unknown}
 q - a scroll of identify {unknown}
Potions
 i - 2 potions of cancellation {unknown}
 m - a potion of curing {unknown}
Books
 c - a book of Debilitation

   Spells                             Type                      Level
   a - Corona                         Hexes                        1
   b - Slow                           Hexes                        2
   c - Inner Flame                    Hexes/Fire                   3
   d - Portal Projectile              Hexes/Translocation          3
   e - Cause Fear                     Hexes                        4
   f - Leda's Liquefaction            Hexes/Earth                  4
Comestibles
 f - 3 bread rations


   Skills:
 + Level 2.7 Fighting
 + Level 1.1 Short Blades
 + Level 1.1 Long Blades
 + Level 1.1 Axes
 + Level 1.1 Maces & Flails
 + Level 1.1 Polearms
 + Level 1.1 Staves
 + Level 4.6 Slings
 + Level 1.1 Bows
 + Level 1.1 Crossbows
 + Level 1.1 Throwing
 + Level 1.1 Armour
 + Level 4.6 Dodging
 + Level 1.1 Stealth
   Level 0.0 Stabbing
 + Level 1.1 Shields
   Level 0.0 Traps
 + Level 1.1 Unarmed Combat
 + Level 3.0 Spellcasting
 + Level 1.1 Conjurations
 + Level 6.6 Hexes
 + Level 1.1 Charms
 + Level 1.1 Summonings
 + Level 1.1 Necromancy
 + Level 1.1 Translocations
 + Level 1.1 Transmutations
 + Level 1.1 Fire Magic
 + Level 1.1 Ice Magic
 + Level 1.1 Air Magic
 + Level 1.1 Earth Magic
 + Level 1.1 Poison Magic
 + Level 1.1 Invocations
 + Level 1.1 Evocations


You had 8 spell levels left.
You knew the following spells:

 Your Spells              Type           Power        Failure   Level  Hunger
a - Corona                Hex            ###....      1%          1    #......


Dungeon Overview and Level Annotations

Branches:
Dungeon (2/15)

Altars:


Innate Abilities, Weirdness & Mutations

Your experience applies equally to all skills.
You have very sharp teeth.
Your uncanny sense of smell can sniff out nearby items.


Message History

The quasit bites you.
* * * LOW HITPOINT WARNING * * *
The quasit claws you but does no damage.
The quasit claws you.
* * * LOW HITPOINT WARNING * * *
It was a potion of agility.
You feel agile all of a sudden. The goblin misses you. The quasit misses you.
The quasit completely misses you. The quasit closely misses you.
You miss the quasit.
The quasit is severely wounded.
The quasit closely misses you. The quasit barely misses you.
The quasit closely misses you.
The goblin hits you with an uncursed club.
* * * LOW HITPOINT WARNING * * *
Unknown command.
You miss the quasit.
The quasit is severely wounded.
The quasit completely misses you. The quasit claws you.
You die...

..## ##.......## #..# #)#.##
.## ##.###....# ##..# #...# .#
###..# #....## #...# #..## ##
#....###.....## ##>..####.##
####.##.##.......###..####..).#
##...##.##............# #....#
.#<####..#......###...# #....#
...#####.#......###.### #[...#
..#.............@...# #....#
....######.....#5g### #....#
.#### #.....#(..# #.)..#
...#############...# #....#
##........ $.... ######
######### .(.... .......
(.(.....#


You could see a quasit and a goblin.

Vanquished Creatures
  An adder (D:2)
  2 worms (D:2)
  3 dart slugs
  2 leopard geckos
  4 bats
  4 giant cockroaches
  4 goblins
  4 hobgoblins
  10 jackals (D:1)
  6 kobolds
  12 frilled lizards
  4 rats
56 creatures vanquished.

Notes
Turn   | Place    | Note
-------+----------+-------------------------------------------
     0 | D:1      | Softman25 the Gnoll Arcane Marksman began the quest for the Orb.
     0 | D:1      | Reached XP level 1. HP: 17/17 MP: 4/4
     4 | D:1      | Noticed an electric eel
     4 | D:1      | Noticed an electric eel
    76 | D:1      | Reached XP level 2. HP: 23/23 MP: 5/5
   292 | D:1      | Reached XP level 3. HP: 28/28 MP: 7/7
   730 | D:2      | Reached skill level 1 in Short Blades
   730 | D:2      | Reached skill level 1 in Long Blades
   730 | D:2      | Reached skill level 1 in Axes
   730 | D:2      | Reached skill level 1 in Maces & Flails
   730 | D:2      | Reached skill level 1 in Polearms
   730 | D:2      | Reached skill level 1 in Staves
   730 | D:2      | Reached skill level 1 in Bows
   730 | D:2      | Reached skill level 1 in Crossbows
   730 | D:2      | Reached skill level 1 in Throwing
   730 | D:2      | Reached skill level 1 in Armour
   730 | D:2      | Reached skill level 1 in Stealth
   730 | D:2      | Reached skill level 1 in Shields
   730 | D:2      | Reached skill level 1 in Unarmed Combat
   730 | D:2      | Reached skill level 1 in Conjurations
   730 | D:2      | Reached skill level 1 in Charms
   730 | D:2      | Reached skill level 1 in Summonings
   730 | D:2      | Reached skill level 1 in Necromancy
   730 | D:2      | Reached skill level 1 in Translocations
   730 | D:2      | Reached skill level 1 in Transmutations
   730 | D:2      | Reached skill level 1 in Fire Magic
   730 | D:2      | Reached skill level 1 in Ice Magic
   730 | D:2      | Reached skill level 1 in Air Magic
   730 | D:2      | Reached skill level 1 in Earth Magic
   730 | D:2      | Reached skill level 1 in Poison Magic
   730 | D:2      | Reached skill level 1 in Invocations
   730 | D:2      | Reached skill level 1 in Evocations
   760 | D:1      | Reached XP level 4. HP: 30/34 MP: 8/8
  1157 | D:2      | HP: 1/34 [goblin/uncursed club (3)]
  1158 | D:2      | Slain by a quasit

Vault maps used:
D:1:      arrival_aquarium_b
D:2:      minmay_lizard_pond

Skill      XL: |  1  2  3  4 |
---------------+-------------+-----
Short Blades   | 1 |  1.1
Long Blades    | 1 |  1.1
Axes           | 1 |  1.1
Maces & Flails | 1 |  1.1
Polearms       | 1 |  1.1
Staves         | 1 |  1.1
Bows           | 1 |  1.1
Crossbows      | 1 |  1.1
Throwing       | 1 |  1.1
Armour         | 1 |  1.1
Stealth        | 1 |  1.1
Shields        | 1 |  1.1
Unarmed Combat | 1 |  1.1
Conjurations   | 1 |  1.1
Charms         | 1 |  1.1
Summonings     | 1 |  1.1
Necromancy     | 1 |  1.1
Translocations | 1 |  1.1
Transmutations | 1 |  1.1
Fire Magic     | 1 |  1.1
Ice Magic      | 1 |  1.1
Air Magic      | 1 |  1.1
Earth Magic    | 1 |  1.1
Poison Magic   | 1 |  1.1
Invocations    | 1 |  1.1
Evocations     | 1 |  1.1
Spellcasting   | 3 |  3.0
Fighting       | |  2.7
Slings         | |  4.6
Dodging        | |  4.6
Hexes          | |  6.6

Action                   |  1- 3 |  4- 6 || total
-------------------------+-------+-------++-------
Melee: Spear             |    39 |    27 ||    66
       Bite              |     2 |       ||     2
 Fire: Hunting sling     |   100 |    39 ||   139
 Cast: Corona            |       |     1 ||     1
  Use: Potion            |       |     1 ||     1
Armor: Robe              |    10 |       ||    10
       Leather armour    |     5 |    17 ||    22
Dodge: Dodged            |    59 |    59 ||   118

Table legend:
 A = Spawn XP
 B = Non-spawn XP
 C = Spawn XP percentage of total XP
 D = Spawn monster count
 E = Non-spawn monster count
 F = Spawn count percentage of total count
 G = Total turns spent on level
                    A         B        C        D         E        F      G
               +---------+---------+-------+---------+---------+-------+---------
         Total |       0 |     117 |   0.0 |       0 |      56 |   0.0 |  1158
               +---------+---------+-------+---------+---------+-------+---------
           D:1 |       0 |      65 |   0.0 |       0 |      37 |   0.0 |   636
           D:2 |       0 |      52 |   0.0 |       0 |      19 |   0.0 |   522
               +---------+---------+-------+---------+---------+-------+---------
